 Dungeon Crawl Stone Soup version 0.30.1-11-g7821555f0a (webtiles) character file.

Game seed: 3478963201193289261

2501 variable76 the Covered (level 9, -2/70 HPs)
             Began as a Minotaur Fighter on Dec 15, 2023.
             Was a Follower of Hepliaklqana.
             Slain by a yak (8 damage)
             ... on level 8 of the Dungeon.
             The game lasted 00:58:52 (4851 turns).

variable76 the Covered (Minotaur Fighter)           Turns: 4851, Time: 00:58:53

Health: -2/70      AC: 15    Str: 22    XL:     9   Next: 28%
Magic:  8/8        EV:  6    Int: 12    God:    Hepliaklqana [*.....]
Gold:   538        SH: 16    Dex: 18    Spells: 8/8 levels left

rFire   + . .        f - +4 trident "Undertaker" {speed, rC+ Will+ Dex+5 Stlth+}
rCold   + . .        L - +0 tower shield
rNeg    . . .        Z - +0 plate armour
rPois   .            (helmet restricted)
rElec   .            M - +1 cloak
rCorr   .            (no gloves)
SInv    .            (no boots)
Will    +....        (no amulet) Stlth
                     S - ring of Music {*Corrode rF+ Int+7}
HPRegen 0.31/turn    (no ring)
MPRegen 0.11/turn

%: corrode self (3%)
@: studying Fighting, very slow
A: reduced essence, horns 2, retaliatory headbutt
a: Renounce Religion, Recall Ancestor, Ancestor Identity


You were on level 8 of the Dungeon.
You worshipped Hepliaklqana.
Hepliaklqana was aware of your devotion.
You visited 2 branches of the dungeon, and saw 9 of its levels.
You also visited: Ossuary.

You collected 538 gold pieces.

Inventory:

Hand Weapons
 a - a +0 long sword
 f - the +4 trident "Undertaker" (weapon) {speed, rC+ Will+ Dex+5 Stlth+}
   (You found it on level 6 of the Dungeon)

   Dex:       It affects your dexterity (+5).
   rC:        It protects you from cold.
   Will:      It increases your willpower.
   Stlth:     It makes you more stealthy.
 p - a +2 dagger of electrocution
 w - a +2 dagger of venom
 x - a +0 shortbow
 y - a +0 sling
 N - a +0 triple crossbow
Missiles
 j - 43 stones
 s - 5 poisoned darts
Armour
 c - a +0 buckler
 u - a +0 plate armour
 v - an orb of energy
 L - a +0 tower shield (worn)
 M - a +1 cloak (worn)
 Z - a +0 plate armour (worn)
Jewellery
 S - the ring of Music (left hand) {*Corrode rF+ Int+7}
   (You found it on level 5 of the Dungeon)

   [ring of protection from fire]

   Int:       It affects your intelligence (+7).
   rF:        It protects you from fire.
   *Corrode:  It may corrode you when you take damage.
Wands
 d - a wand of roots (11)
 Q - a wand of flame (30)
 X - a wand of mindburst (19) (quivered)
Scrolls
 i - 2 scrolls of enchant weapon {unknown}
 k - 10 scrolls of identify {unknown}
 l - a scroll of teleportation {unknown}
 o - 2 scrolls of fog {unknown}
 q - a scroll of acquirement {unknown}
 t - a scroll of enchant armour {unknown}
 O - 2 scrolls of blinking {unknown}
 T - 4 scrolls of fear {unknown}
 W - a scroll of amnesia {unknown}
Potions
 b - a potion of experience {unknown}
 e - 4 potions of attraction {unknown}
 g - 3 potions of heal wounds {unknown}
 h - 2 potions of might
 m - a potion of ambrosia {unknown}
 n - a potion of resistance {unknown}
 r - a potion of invisibility {unknown}
 z - 3 potions of brilliance {unknown}
 E - 2 potions of haste {unknown}
 K - a potion of lignification {unknown}
 P - a potion of berserk rage {unknown}
 R - 3 potions of flight {unknown}
 V - 2 potions of degeneration {unknown}
 Y - 3 potions of curing {unknown}


   Skills:
 + Level 6.7 Fighting
 + Level 7.0(7.4) Short Blades
 + Level 4.1(6.4) Long Blades
 + Level 4.0 Polearms
 + Level 7.9 Armour
 + Level 3.0 Dodging
 + Level 0.8 Stealth
 + Level 7.5 Shields


You had 8 spell levels left.
You didn't know any spells.
Your spell library contained the following spells:

 Spells                   Type           Power      Damage    Failure   Level
 Beastly Appendage        Tmut           0%         N/A       100%        1
 Cigotuvi's Dreadful Rot  Necr/Pois/Air  0%         N/A       100%        2
 Wereblood                Tmut           0%         N/A       100%        2
 Dazzling Flash           Conj/Hex       0%         N/A       100%        3
 Ignite Poison            Fire/Tmut/Pois 0%         N/A       100%        3
 Spider Form              Tmut/Pois      0%         N/A       100%        3
 Volatile Blastmotes      Fire/Tloc      0%         2d10      100%        3
 Iskenderun's Mystic Bla  Conj/Tloc      0%         2d3       100%        4
 Freezing Cloud           Conj/Ice/Air   0%         6-21      100%        5
 Starburst                Conj/Fire      0%         6d3       100%        6


Dungeon Overview and Level Annotations

Branches:
Dungeon (8/15)             Temple (1/1) D:6         Ossuary (visited)
   Lair: D:8-11

Altars:
Ashenzari
Cheibriados
Dithmenos
Elyvilon
Fedhas
Gozag
Hepliaklqana
Kikubaaqudgha
Makhleb
Nemelex Xobeh
Okawaru
Qazlal
Ru
Sif Muna
Trog
Uskayaw
Xom
Zin
The Shining One

Shops:
D:2 [


Innate Abilities, Weirdness & Mutations

Your life essence is reduced to manifest your ancestor. (-10% HP)
You have a pair of horns on your head.
You reflexively headbutt those who attack you in melee.


Message History

The yak bellows! x4
The yak gores Paullus!
Paullus hits the yak.
The yak gores you but does no damage.
You puncture the yak!
The yak is heavily wounded.
Paullus hits the yak.
Paullus hits the yak.
You block the yak's attack.
Paullus hits the yak.
The yak barely misses Paullus.
You catch the helpless yak completely off-guard!
You hit the yak.
The yak is severely wounded.
You hit the yak.
The yak is almost dead.
Paullus hits the yak.
The yak gores Paullus!
Paullus hits the yak.
You hit the yak.
The yak is lightly wounded.
You hit the yak. You headbutt the yak.
The yak is moderately wounded.
You block the yak's attack.
The yak gores Paullus.
Paullus hits the yak.
The yak dies!
Your Polearms skill increases to level 4!
You puncture the yak! You headbutt the yak!
The yak is severely wounded.
The yak gores you.
The yak gores Paullus!
Paullus is destroyed!
You barely miss the yak. You headbutt the yak, but do no damage.
The yak is severely wounded.
You block the yak's attack. The yak gores you but does no damage.
You block the yak's attack. The yak gores you.
* * * LOW HITPOINT WARNING * * *
The yak barely misses you. x2
The yak attacks as you move away! You block the yak's attack.
The yak gores you.
* * * LOW HITPOINT WARNING * * *
The yak gores you.
* * * LOW HITPOINT WARNING * * *
You block the yak's attack. The yak gores you!
* * * LOW HITPOINT WARNING * * *
The yak gores you!
You die...

#........ ##...###.
#######. # # #.. #.
.##########.. #.#
#........##...
#..###......##.#....
#.#Y#.#..##.........
#..@YY...#####†#.#.#
####Y###.#####.##...
#.# #.......####.
#.# #####.....##.
####.### #.....##.
#......# #.....##.
#.##.#.# #.....##. #
#...#####.....##.
###.......#######


You could see 4 yaks.

Vanquished Creatures
  A hornet (D:8)
  A water moccasin (D:7)
  An orc warrior (D:6)
  An ice beast (D:6)
  3 ogres
  A centaur (D:8)
  A phantom (D:4)
  A bullfrog (D:8)
  3 scorpions
  6 water moccasin zombies (Ossuary)
  A howler monkey (D:6)
  A lava snake (D:7)
  3 hounds
  2 orc priests
  3 jellies
  4 iguanas
  4 orc wizards
  2 mummies (Ossuary)
  10 adders
  3 river rats (D:6)
  2 white imps
  An ufetubus (D:7)
  2 adder zombies (Ossuary)
  5 worms
  4 dart slugs
  25 orcs
  7 bats
  4 endoplasms
  6 giant cockroaches
  3 gnoll zombies (Ossuary)
  9 goblins
  5 hobgoblins
  12 jackals
  3 quokkas
  4 ball pythons
  5 frilled lizards
  6 hobgoblin zombies (Ossuary)
  6 kobolds
  4 kobold zombies (Ossuary)
  9 orc zombies (Ossuary)
  A quokka zombie (D:6)
  12 rats
  A rat zombie (D:6)
188 creatures vanquished.

Vanquished Creatures (collateral kills)
  A yak (D:8)
1 creature vanquished.

Vanquished Creatures (others)
  2 orc wizards
  An ancestor (D:8)
3 creatures vanquished.

Grand Total: 192 creatures vanquished

Notes
Turn   | Place    | Note
-------+----------+-------------------------------------------
     0 | D:1      | variable76 the Minotaur Fighter began the quest for the
                  | Orb.
     0 | D:1      | Reached XP level 1. HP: 19/19 MP: 0/0
   104 | D:1      | Reached XP level 2. HP: 16/27 MP: 1/1
   286 | D:1      | Found a faded altar of an unknown god.
   317 | D:1      | Reached XP level 3. HP: 33/33 MP: 2/2
   465 | D:2      | Found Dosocs's Armour Shop.
   517 | D:2      | Reached XP level 4. HP: 38/40 MP: 3/3
   712 | D:2      | Found a bloodstained altar of Trog.
   753 | D:1      | Prayed at the altar of an unknown god.
   753 | D:1      | Became a worshipper of Cheibriados the Contemplative
   753 | D:1      | Reached * piety under Cheibriados
  1182 | D:3      | Reached skill level 1 in Short Blades
  1402 | D:3      | Reached XP level 5. HP: 47/47 MP: 4/4
  1715 | D:4      | Reached skill level 1 in Dodging
  1717 | D:4      | Noticed a phantom
  1724 | D:4      | Killed a phantom
  1724 | D:4      | Reached ** piety under Cheibriados
  1725 | D:4      | Reached XP level 6. HP: 12/53 MP: 5/5
  2147 | D:4      | Found a blossoming altar of Fedhas.
  2167 | D:4      | Reached skill level 5 in Armour
  2221 | D:4      | Reached *** piety under Cheibriados
  2275 | D:4      | Found a burning altar of Makhleb.
  2345 | D:5      | Entered Level 5 of the Dungeon
  2387 | D:5      | Reached XP level 7. HP: 60/60 MP: 6/6
  2512 | D:5      | Reached skill level 5 in Short Blades
  2797 | D:5      | Reached skill level 5 in Fighting
  2924 | D:5      | Identified the ring of Music {*Corrode rF+ Int+7}
  3122 | D:6      | Found a sand-covered staircase.
  3141 | Ossuary  | Entered an ossuary
  3179 | Ossuary  | Reached skill level 5 in Shields
  3206 | Ossuary  | Reached XP level 8. HP: 67/69 MP: 7/7
  3237 | Ossuary  | Reached **** piety under Cheibriados
  3428 | D:6      | Found a staircase to the Ecumenical Temple.
  3443 | D:6      | Found a hazy altar of Hepliaklqana.
  3452 | Temple   | Entered the Ecumenical Temple
  3650 | D:6      | Identified the +4 trident "Undertaker" {speed, rC+ Will+
                  | Dex+5 Stlth+}
  4029 | D:6      | Fell from the grace of Cheibriados
  4029 | D:6      | Became a worshipper of Hepliaklqana the Forgotten
  4122 | D:7      | Found an opulent altar of Gozag.
  4123 | D:7      | Found an iron altar of Okawaru.
  4159 | D:7      | Reached skill level 1 in Polearms
  4262 | D:7      | Reached XP level 9. HP: 56/78 MP: 8/8
  4808 | D:8      | Paralysed by a hornet for 1 turns
  4818 | D:8      | Reached * piety under Hepliaklqana
  4851 | D:8      | Slain by a yak

Illustrated notes

Levels and vault maps discovered:
D:1:      shiori_arrival_oz, layout_basic, ebering_ecumenical_altar_sacrificial
D:2:      layout_rooms, serial_shops, nicolae_shop_pleasant_corner_grove,
          basic_altar, grunt_ministairs_9, minmay_fractal_squares_5,
          uniq_jessica
D:3:      layout_loops_ring
D:4:      layout_basic, mainiacjoe_overflow_chevrons, lightli_temple_of_fire,
          serial_glass, glass_columns_b, glass_columns_a
D:5:      layout_basic, general_overflow_altar
D:6:      layout_loops_cross, nicolae_hepliaklqana_hazy_memory,
          minmay_temple_entry_tees, enter_ossuary_4, portal_sewer_entry_e,
          minmay_misc_feat_square, minmay_manual_mess
D:7:      layout_rooms, mainiacjoe_overflow_divided_tiny, kennysheep_potato
D:8:      layout_loops_cross, enter_bailey_2
Temple:   nicolae_temple_ecumenical_triangle

Skill      XL: |  1  2  3  4  5  6  7  8  9 |
---------------+----------------------------+-----
Armour         | 4 5 6 7 |  7.9
Fighting       | 4 5 6 |  6.7
Long Blades    | 3 4 |  4.1
Shields        | 4 5 6 7 |  7.5
Short Blades   | 1 3 4 5 7 |  7.0
Dodging        | 1 2 3 |  3.0
Polearms       | 2 4 |  4.0
Stealth        | |  0.8

Action                     |  1- 3 |  4- 6 |  7- 9 || total
---------------------------+-------+-------+-------++-------
  Melee: Long sword        |    70 |       |       ||    70
         Headbutt          |    12 |    29 |    72 ||   113
         Dagger            |     8 |   150 |   164 ||   322
         Trident           |       |       |    87 ||    87
    Use: Potion            |     1 |     1 |       ||     2
         Scroll            |       |     2 |       ||     2
   Stab: Distracted        |       |       |     1 ||     1
 Armour: Scale mail        |    40 |    67 |     6 ||   113
         Chain mail        |       |       |    29 ||    29
         Plate armour      |       |       |    53 ||    53
  Dodge: Dodged            |    44 |    57 |    29 ||   130
  Block: Buckler           |    16 |    33 |       ||    49
         Tower shield      |       |    11 |   174 ||   185
